 Dungeon Crawl Stone Soup version 0.29-a0-1043-g569b05d6ff (webtiles) character file.

Game seed: 16847988250555366602

74 kblaster33 the Sneak (level 4, -2/31 HPs)
             Began as a Vampire Hedge Wizard on Aug 15, 2022.
             Was a Believer of Nemelex Xobeh.
             Slain by Natasha (5 damage)
             ... on level 2 of the Dungeon on Aug 16, 2022.
             The game lasted 00:13:50 (1958 turns).

kblaster33 the Sneak (Vampire Hedge Wizard)         Turns: 1958, Time: 00:13:59

Health: -2/31      AC:  5    Str: 11    XL:     4   Next: 10%
Magic:  9/9        EV: 11    Int: 16    God:    Nemelex Xobeh [**....]
Gold:   75         SH:  0    Dex: 13    Spells: 8/9 levels left

rFire   + . .      SeeInvis +   g - +0 war axe
rCold   x . .      Faith    .   (no shield)
rNeg    . . .      Spirit   .   n - +0 ring mail
rPois   .          Reflect  .   c - +0 hat
rElec   .          Harm     .   (no cloak)
rCorr   .          Rampage  .   (no gloves)
Will    .....                   (no boots)
Stlth   ++........              (no amulet)
HPRegen 0.30/turn               e - ring of fire
MPRegen 0.11/turn               (no ring)

@: healing quickly, slowed, very slow
A: alive, fangs 3, see invisible, vampiric 2
a: Exsanguinate, Renounce Religion, Draw Escape, Draw Destruction, Draw
Summoning


You were on level 2 of the Dungeon.
You worshipped Nemelex Xobeh.
Nemelex Xobeh was pleased with you.
You visited 1 branch of the dungeon, and saw 2 of its levels.

You collected 75 gold pieces.

Inventory:

Hand Weapons
 a - a +0 dagger
 g - a +0 war axe (weapon)
 h - a +0 spear
 m - a +0 short sword
Armour
 b - a +0 robe
 c - a +0 hat (worn)
 n - a +0 ring mail (worn)
Jewellery
 e - a ring of fire (left hand)
Scrolls
 k - 2 scrolls of amnesia
Potions
 d - a potion of magic
 f - a potion of heal wounds
 j - a potion of invisibility {unknown}
 l - a potion of might {unknown}
 p - 2 potions of flight {unknown}


   Skills:
 + Level 0.8 Fighting
 + Level 1.9 Short Blades
 + Level 0.8 Armour
 + Level 2.6 Dodging
 + Level 3.7 Stealth
 + Level 3.4 Spellcasting
 + Level 0.6 Conjurations
 + Level 1.0 Summonings
 + Level 0.7 Translocations


You had 8 spell levels left.
You knew the following spells:

 Your Spells              Type           Power      Damage    Failure   Level
a - Magic Dart            Conj           16%        1d3       34%         1

Your spell library contained the following spells:

 Spells                   Type           Power      Damage    Failure   Level
 Sandblast                Erth           4%         2d4       41%         1
 Slow                     Hex            8%         N/A       41%         1
 Call Imp                 Summ           6%         N/A       41%         2
 Blink                    Tloc           10%        N/A       43%         2
 Passwall                 Tmut/Erth      1%         N/A       54%         2
 Summon Guardian Golem    Hex/Summ       4%         N/A       71%         3
 Conjure Flame            Conj/Fire      5%         6-21      75%         3
 Stone Arrow              Conj/Erth      6%         3d7       75%         3
 Mephitic Cloud           Conj/Pois/Air  3%         N/A       77%         3
 Manifold Assault         Tloc           5%         N/A       100%        5
 Summon Forest            Summ/Tloc      2%         N/A       100%        5
 Eringya's Noxious Bog    Tmut/Pois      1%         N/A       100%        6
 Orb of Destruction       Conj           2%         9d5       100%        7
 Spellforged Servitor     Conj/Summ      2%         N/A       100%        7
 Storm Form               Tmut/Air       1%         N/A       100%        7
 Summon Hydra             Summ           3%         N/A       100%        7


Dungeon Overview and Level Annotations

Branches:
Dungeon (2/15)

Altars:
Nemelex Xobeh

Annotations:
D:2 Natasha


Innate Abilities, Weirdness & Mutations

Your natural rate of healing is accelerated.
You have razor-sharp teeth.
You have supernaturally acute eyesight. (SInv)
You are afflicted with vampirism and can become a bat while bloodless.


Message History

Natasha claws you!
You barely miss Natasha.
Natasha is moderately wounded.
You barely miss the shadow imp.
The shadow imp hits you but does no damage.
Natasha misses you.
The shadow imp hits you but does no damage.
Natasha claws you but does no damage.
The shadow imp hits you but does no damage.
You closely miss the shadow imp.
The shadow imp is heavily wounded.
You slash Natasha!
The shadow imp disappears in a puff of smoke!
Natasha claws you.
Natasha stares at you and mumbles some strange words.
You feel as though you will be slow longer.
You closely miss Natasha.
Natasha is almost dead.
Natasha mumbles some strange words.
Natasha shimmers violently.
Natasha drinks a potion.
Natasha is healed!
Natasha claws you!
* * * LOW HITPOINT WARNING * * *
You barely miss Natasha.
Natasha is moderately wounded.
Natasha barely misses you. Natasha claws you but does no damage.
Natasha misses you.
You barely miss Natasha.
Natasha is lightly wounded.
Natasha claws you but does no damage. x2
You hit Natasha.
Natasha is moderately wounded.
Natasha closely misses you. Natasha claws you.
* * * LOW HITPOINT WARNING * * *
You barely miss Natasha. Your bite misses Natasha.
Natasha is moderately wounded.
Natasha claws you.
* * * LOW HITPOINT WARNING * * *
Natasha claws you.
You die...
Your body glows slightly and disappears.

....#.#
#.#.#†#.##...........'..
#####.#
#.#.#.#.##.###########..
#.# #.#.#.#....# #.. #.#
#.#.#.#.#### ####'
#####.# #.#.#.#..# ..#.
......# #.#.#.#..# #.#.
##########.#.#.#..# #.#'
..........)#.#.#..# #...
###########....#@.# #...
#.......'....#h.# #...
#.#######....#..# #...
#.# #....#..# #... #.#
#....#..# #######.#. #g#
#....#..# .......†..
###g####
####.###############)##
..g.g..#
#...................
####...#
###############.....


You could see Natasha.

Vanquished Creatures
  Natasha (D:2)
  2 adders (D:2)
  2 dart slugs (D:2)
  A bat (D:1)
  2 endoplasms (D:1)
  4 goblins
  4 hobgoblins
  2 quokkas (D:2)
  2 frilled lizards (D:1)
  4 kobolds
  4 rats (D:1)
28 creatures vanquished.

Notes
Turn   | Place    | Note
-------+----------+-------------------------------------------
     0 | D:1      | kblaster33 the Vampire Hedge Wizard began the quest for the
                  | Orb.
     0 | D:1      | Reached XP level 1. HP: 13/13 MP: 4/4
   167 | D:1      | Found a faded altar of an unknown god.
   222 | D:1      | Prayed at the altar of an unknown god.
   222 | D:1      | Became a worshipper of Nemelex Xobeh the Trickster
   222 | D:1      | Reached * piety under Nemelex Xobeh
   222 | D:1      | Received a gift from Nemelex Xobeh
   272 | D:1      | Reached XP level 2. HP: 15/19 MP: 6/6
  1001 | D:1      | You fall into a shaft and drop 1 floor!
  1217 | D:2      | Gained mutation: You are afflicted with vampirism and can
                  | become a bat while bloodless. [Vampire growth]
  1217 | D:2      | Reached XP level 3. HP: 10/25 MP: 7/7
  1297 | D:2      | Reached skill level 1 in Short Blades
  1557 | D:2      | Reached ** piety under Nemelex Xobeh
  1755 | D:2      | Noticed Natasha
  1789 | D:2      | Killed Natasha
  1790 | D:2      | Reached XP level 4. HP: 11/31 MP: 9/9
  1935 | D:2      | Noticed Natasha
  1958 | D:2      | Slain by Natasha

Illustrated notes

Levels and vault maps discovered:
D:1:      minmay_arrival_four_houses, layout_basic, basic_ecumenical_altar,
          dk_noncrumbling_2, nicolae_titane
D:2:      layout_basic, nicolae_underground_beach, uniq_natasha

Skill      XL: |  1  2  3 |
---------------+----------+-----
Short Blades   | 1 |  1.9
Fighting       | |  0.8
Armour         | |  0.8
Dodging        | |  2.6
Stealth        | |  3.7
Spellcasting   | |  3.4
Conjurations   | |  0.6
Summonings     | |  1.0
Translocations | |  0.7

Action                   |  1- 3 |  4- 6 || total
-------------------------+-------+-------++-------
Melee: Dagger            |    30 |       ||    30
       Bite              |     9 |     2 ||    11
       Short sword       |   123 |       ||   123
       Punch             |     2 |       ||     2
       War axe           |       |    15 ||    15
  Use: Scroll            |     7 |       ||     7
       Potion            |     2 |     1 ||     3
 Stab: Sleeping          |     4 |       ||     4
Armor: Robe              |     5 |       ||     5
       Ring mail         |    63 |    13 ||    76
Dodge: Dodged            |   144 |    15 ||   159

Table legend: (Time is in decaauts)
 A = Elapsed time spent in this place.
 B = Non-inter-level travel time spent in this place.
 C = Inter-level travel time spent in this place.
 D = Time resting spent in this place.
 E = Time spent auto-exploring this place.
 F = Levels seen in this place.
 G = Mean time per level.
                   A        B        C        D        E       F      G
               +--------+--------+--------+--------+--------+-----+--------+
         Total |   1989 |   1959 |     30 |      0 |      0 |   2 |  994.5 |
       Dungeon |   1989 |   1959 |     30 |      0 |      0 |   2 |  994.5 |
               +--------+--------+--------+--------+--------+-----+--------+

Top non-repeatable levels by time:
     D:1: 1003 daAuts
     D:2: 986 daAuts
